[Event "December 19 Late 2023"]
[Site "https://www.chess.com"]
[Date "2023.12.19"]
[Round "8"]
[White "Mizzi, Jack"]
[Black "Lin, Bryan Enming"]
[Result "0-1"]
[Board "74"]
[TimeControl "180+1"]
[WhiteFideId "5602521"]
[BlackFideId "30987121"]
[WhiteElo "2127"]
[BlackElo "2561"]
[WhiteTeam "MLT"]
[BlackTeam "USA"]
[WhiteClock "0:00:00"]
[BlackClock "0:00:03"]

1. d4 Nf6 2. c4 c5 3. d5 g6 4. g3 Bg7 5. Bg2 O-O 6. Nf3 d6 7. O-O e5 8. Nc3 Re8 9. e4 Nbd7 10. Rb1 b6 11. a3 Ba6 12. Qa4 Bb7 13. b4 h6 14. Rd1 Qe7 15. h3 Rec8 16. Bf1 Nh7 17. Be3 f5 18. exf5 gxf5 19. Nh4 Qf7 20. Bd3 e4 21. Nxe4 fxe4 22. Bxe4 Nhf8 23. Nf5 Qf6 24. Bf4 Ne5 25. bxc5 Rxc5 26. Rbc1 Nfd7 27. Be3 a5 28. f4 Nxc4 29. Bxc5 Nxc5 30. Qxc4 Ba6 31. Qc2 Re8 32. Re1 Bf8 33. Bf3 Rxe1+ 34. Rxe1 Bd3 35. Re6 Qxe6 36. dxe6 Bxc2 37. e7 Bxe7 38. Nxe7+ Kf7 39. Nd5 b5 40. Nc7 b4 41. axb4 axb4 42. Nb5 b3 43. Nxd6+ Ke6 44. Nc4 Na4 45. g4 Bd3 46. Nd2 b2 47. f5+ Kf6 48. Kf2 Kg5 49. Ke3 b1=Q 50. Nxb1 Bxb1 51. Kf2 Nc3 52. Kg3 Kf6 53. h4 Ke5 54. g5 hxg5 55. hxg5 Kxf5 56. Bg4+ Kxg5 57. Bd7 Be4 58. Kf2 Kf4 59. Bc8 Bf3 60. Ke1 Ne4 61. Kf1 Ke3 62. Ke1 Nf2 63. Bf5 Be2 64. Bg6 Bc4 65. Bh7 Bb5 66. Bg6 Ba4 67. Bh7 Bd1 0-1

[Event "December 19 Late 2023"]
[Site "https://www.chess.com"]
[Date "2023.12.19"]
[Round "8"]
[White "Obon Temprano, Sergi"]
[Black "Womacka, Mathias"]
[Result "0-1"]
[Board "75"]
[TimeControl "180+1"]
[WhiteFideId "2226545"]
[BlackFideId "4611390"]
[WhiteElo "2135"]
[BlackElo "2376"]
[WhiteTeam "ESP"]
[BlackTeam "GER"]
[WhiteClock "0:00:44"]
[BlackClock "0:00:10"]

1. d4 Nf6 2. Nf3 e6 3. e3 c5 4. Bd3 Nc6 5. O-O d5 6. b3 cxd4 7. exd4 Be7 8. Bb2 O-O 9. a3 b6 10. Nbd2 Bb7 11. Ne5 Nxe5 12. dxe5 Ne4 13. f3 Bc5+ 14. Kh1 Ng3+ 15. hxg3 Qg5 16. Rf2 Bxf2 17. Nf1 Qh5+ 18. Nh2 Bxg3 19. Qg1 Bxe5 20. Bxe5 Qxe5 21. Re1 Qh5 22. Qe3 e5 23. Qxe5 Qxe5 24. Rxe5 Rfe8 25. Rh5 Re1+ 26. Nf1 g6 27. Rh4 Rae8 28. Kh2 Kg7 29. Ra4 a5 30. Ng3 Bc6 31. Rg4 Rd1 32. Nf5+ Kf6 33. Nd4 Bd7 34. Rf4+ Kg7 35. Ne2 Rxd3 36. cxd3 Rxe2 37. Rd4 Be6 38. b4 Rb2 39. bxa5 bxa5 40. Ra4 Rb3 41. d4 Rd3 42. Kg3 Bd7 43. Rxa5 Rxd4 44. Ra7 Be6 45. a4 h5 46. a5 Ra4 47. Kf2 Ra3 48. Kg3 Kf6 49. Kf4 Ra2 50. g3 g5+ 51. Ke3 Ra3+ 52. Kf2 h4 53. gxh4 gxh4 54. Ra8 Kf5 55. Rh8 Rxa5 56. Rxh4 Ra3 57. Rh5+ Kf6 58. Rh4 Bf5 59. Rd4 Ke5 60. Rb4 d4 61. Kg3 d3 62. f4+ Kf6 63. Kf3 d2+ 64. Ke2 Rd3 65. Rb1 d1=Q+ 66. Rxd1 Rxd1 67. Kxd1 Bg4+ 68. Kd2 Kf5 69. Ke3 f6 0-1

[Event "December 19 Late 2023"]
[Site "https://www.chess.com"]
[Date "2023.12.19"]
[Round "8"]
[White "Rodgers, Jack"]
[Black "Essing, Arnold"]
[Result "1-0"]
[Board "76"]
[TimeControl "180+1"]
[WhiteFideId "3220885"]
[BlackFideId "4619862"]
[WhiteElo "2107"]
[BlackElo "2257"]
[WhiteTeam "AUS"]
[BlackTeam "GER"]
[WhiteClock "0:00:57"]
[BlackClock "0:00:52"]

1. d4 d5 2. Bg5 h6 3. Bh4 c6 4. e3 Qb6 5. Qc1 Bf5 6. Nf3 Nd7 7. c4 e6 8. Nc3 Be7 9. c5 Qd8 10. Bg3 b6 11. b4 a5 12. a3 Ngf6 13. b5 bxc5 14. bxc6 Nb6 15. dxc5 Bxc5 16. Nb5 O-O 17. Qxc5 Nc4 18. Bxc4 dxc4 19. O-O Bd3 20. Rfd1 Ne4 21. Qe5 Qb6 22. Nbd4 Qb2 23. Nf5 Qb3 24. Qxg7# 1-0

[Event "December 19 Late 2023"]
[Site "https://www.chess.com"]
[Date "2023.12.19"]
[Round "8"]
[White "Tifferet, Shakked"]
[Black "Rose, Felix"]
[Result "0-1"]
[Board "77"]
[TimeControl "180+1"]
[WhiteFideId "2811529"]
[BlackFideId "5105722"]
[WhiteElo "2142"]
[BlackElo "2039"]
[WhiteTeam "ISR"]
[BlackTeam "MEX"]
[WhiteClock "0:00:01"]
[BlackClock "0:00:26"]

1. d4 d5 2. Nc3 Nf6 3. Bf4 c5 4. e3 cxd4 5. exd4 a6 6. Nf3 Bf5 7. Ne5 Nc6 8. Nxc6 bxc6 9. Bd3 Bxd3 10. Qxd3 e6 11. O-O c5 12. Rfe1 cxd4 13. Qxd4 Be7 14. Qa4+ Qd7 15. Qxd7+ Kxd7 16. Na4 Bd8 17. Rad1 Kc6 18. a3 Ba5 19. b4 Bc7 20. Nc5 Bxf4 21. g3 Bd6 22. Nb3 Rhc8 23. Na5+ Kb6 24. c4 Bc7 25. c5+ Kb5 26. Nb3 a5 27. Nd4+ Ka4 28. b5 e5 29. b6 exd4 30. Rxd4+ Kb5 31. b7 Kxc5 32. Rd2 Kb6 33. Rb1+ Ka6 34. Rc2 Rab8 35. bxc8=Q+ Rxc8 36. a4 Ne8 37. Rb5 Rd8 38. Kf1 d4 39. Ke1 d3 40. Rc6+ Ka7 41. Kd2 Bd6 42. Kxd3 Bb4+ 43. Ke3 Nf6 44. f3 Nd5+ 45. Kf2 Rd7 46. Rc8 Nc3 47. Rbb8 Nxa4 48. Kg2 Nb6 49. Rf8 Bxf8 50. Rxf8 a4 51. Rg8 g6 52. Re8 h5 53. h4 Ka6 54. g4 a3 55. Re3 Nc4 56. Rc3 a2 57. Rc1 Rd2+ 58. Kg3 Ne3 59. gxh5 gxh5 60. Kf4 Nc2 61. Ke4 a1=Q 62. Rxc2 Rxc2 63. f4 Qa4+ 64. Kf5 Rc5+ 65. Kf6 Qd4+ 66. Ke7 Rc7+ 67. Kf8 f6 68. f5 Qd8# 0-1

[Event "December 19 Late 2023"]
[Site "https://www.chess.com"]
[Date "2023.12.19"]
[Round "8"]
[White "Jesusesmifuerza"]
[Black "Hasanagic, Anel"]
[Result "0-1"]
[Board "78"]
[TimeControl "180+1"]
[BlackFideId "14605791"]
[WhiteElo "2199"]
[BlackElo "2209"]
[BlackTeam "SLO"]
[WhiteClock "0:00:00"]
[BlackClock "0:00:17"]

1. e4 c6 2. d4 d5 3. exd5 cxd5 4. Nc3 Nf6 5. Bf4 a6 6. Nf3 Bg4 7. Be2 Nc6 8. Ne5 Bxe2 9. Nxe2 Rc8 10. c3 e6 11. O-O Bd6 12. Nxc6 Rxc6 13. Bxd6 Qxd6 14. Nc1 O-O 15. Nd3 Nd7 16. Re1 a5 17. Rc1 b5 18. Qb3 Rb8 19. a4 Rc4 20. axb5 a4 21. Qc2 Rxb5 22. Ra1 Nb6 23. Ne5 Rc8 24. Ra3 f6 25. Nd3 h6 26. Qe2 Rc6 27. Nc5 Rbxc5 28. dxc5 Qxc5 29. h3 e5 30. Qh5 Rc8 31. Qf5 Rd8 32. Re3 Qc8 33. Qg6 Qc7 34. Rg3 Kh8 35. h4 Rf8 36. Rg4 f5 37. Rb4 Rf6 38. Qe8+ Kh7 39. Qb5 f4 40. Raxa4 Nxa4 41. Rxa4 Rd6 42. Qe2 Qe7 43. Qg4 Rf6 44. h5 e4 45. Qd1 Rf5 46. Rd4 Qg5 47. Qd2 Qxh5 48. c4 f3 49. gxf3 Qxf3 0-1

[Event "December 19 Late 2023"]
[Site "https://www.chess.com"]
[Date "2023.12.19"]
[Round "8"]
[White "Hamidi, Amir Mohammad"]
[Black "Zhukov, Maksim"]
[Result "1/2-1/2"]
[Board "79"]
[TimeControl "180+1"]
[WhiteFideId "12563285"]
[BlackFideId "34181790"]
[WhiteElo "2217"]
[BlackElo "1925"]
[WhiteTeam "IRI"]
[BlackTeam "RUS"]
[WhiteClock "0:00:07"]
[BlackClock "0:00:11"]

1. Nf3 c5 2. c4 Nf6 3. g3 e6 4. Bg2 a6 5. O-O Nc6 6. Nc3 b6 7. b3 Bb7 8. Bb2 Be7 9. d4 cxd4 10. Nxd4 Qc7 11. Nc2 O-O 12. e4 Rfd8 13. Ne3 Rac8 14. Qe2 Nd4 15. Qd2 Nc6 16. Rad1 d6 17. Ne2 Ne5 18. f3 d5 19. exd5 exd5 20. cxd5 Bc5 21. Kh1 Nxd5 22. Nxd5 Rxd5 23. Qf4 Rxd1 24. Rxd1 Rd8 25. Rxd8+ Qxd8 26. Bd4 Nxf3 27. Bxf3 Bxf3+ 28. Qxf3 Bxd4 29. Nxd4 g6 30. Nc6 Qd6 31. Kg2 a5 32. Na7 Qd2+ 33. Qf2 Qd5+ 34. Qf3 Qd2+ 35. Qf2 Qd5+ 36. Kg1 Qd1+ 37. Qf1 Qd4+ 38. Qf2 Qd1+ 39. Kg2 Qd5+ 1/2-1/2

[Event "December 19 Late 2023"]
[Site "https://www.chess.com"]
[Date "2023.12.19"]
[Round "8"]
[White "Guerra Tulcan, Lenin"]
[Black "Nielsen, Viktor Haarmark"]
[Result "1-0"]
[Board "80"]
[TimeControl "180+1"]
[WhiteFideId "3601382"]
[BlackFideId "1444492"]
[WhiteElo "2368"]
[BlackElo "2315"]
[WhiteTeam "ECU"]
[BlackTeam "DEN"]
[WhiteClock "0:00:16"]
[BlackClock "0:00:02"]

1. e4 e5 2. Nf3 Nc6 3. Bb5 a6 4. Ba4 Nf6 5. Qe2 b5 6. Bb3 Bc5 7. O-O d6 8. c3 O-O 9. Rd1 Bb6 10. d3 Ne7 11. Nbd2 Ng6 12. Nf1 h6 13. a4 Bb7 14. Ng3 Re8 15. Nf5 d5 16. N3h4 Nxh4 17. Nxh4 Nxe4 18. dxe4 Qxh4 19. exd5 Rad8 20. axb5 axb5 21. Be3 Bxe3 22. Qxe3 Qf4 23. Ra7 Qxe3 24. fxe3 Rb8 25. e4 Red8 26. Kf2 Kf8 27. Ke3 Ke7 28. Rda1 Kd6 29. R1a5 Bc8 30. Bc2 Bd7 31. R5a6+ Rb6 32. Rxb6+ cxb6 33. Rb7 Ra8 34. Rxb6+ Ke7 35. d6+ Kf6 36. Bb3 Rd8 37. Bd5 Be8 38. b3 Kg5 39. c4 bxc4 40. bxc4 f5 41. c5 1-0

[Event "December 19 Late 2023"]
[Site "https://www.chess.com"]
[Date "2023.12.19"]
[Round "8"]
[White "Janaszak, Dawid"]
[Black "Skibbe, Willi"]
[Result "1-0"]
[Board "81"]
[TimeControl "180+1"]
[WhiteFideId "1119206"]
[BlackFideId "4682190"]
[WhiteElo "2218"]
[BlackElo "2378"]
[WhiteTeam "POL"]
[BlackTeam "GER"]
[WhiteClock "0:01:42"]
[BlackClock "0:00:51"]

1. e4 e5 2. Nc3 Nc6 3. Bc4 Nf6 4. d3 Na5 5. Qf3 Nxc4 6. dxc4 d6 7. h3 Be7 8. Be3 b6 9. Nge2 Be6 10. b3 O-O 11. g4 Nd7 12. h4 f6 13. Ng3 a5 14. a4 Nc5 15. O-O-O Qe8 16. Nf5 Rf7 17. Rhg1 Bf8 18. Kb2 g6 19. Nh6+ Bxh6 20. Bxh6 Kh8 21. Be3 Qe7 22. Qg3 Raf8 23. f4 exf4 24. Qxf4 f5 25. gxf5 Bxf5 26. Bd4+ Kg8 27. exf5 Rxf5 28. Qh6 R8f7 29. Rxg6+ hxg6 30. Qh8# 1-0

[Event "December 19 Late 2023"]
[Site "https://www.chess.com"]
[Date "2023.12.19"]
[Round "8"]
[White "Grapsa, Georgia"]
[Black "Ibadov, Dashgyn"]
[Result "1-0"]
[Board "82"]
[TimeControl "180+1"]
[WhiteFideId "4206436"]
[BlackFideId "24107514"]
[WhiteElo "1794"]
[BlackElo "2183"]
[WhiteTeam "GRE"]
[BlackTeam "FID"]
[WhiteClock "0:00:32"]
[BlackClock "0:00:12"]

1. e4 e5 2. Nf3 Nc6 3. Bb5 a6 4. Ba4 Nf6 5. Bxc6 dxc6 6. d3 Bd6 7. Nbd2 Be6 8. b3 Nd7 9. Bb2 f6 10. h4 Qe7 11. Qe2 O-O-O 12. O-O-O c5 13. Kb1 Nb8 14. Nc4 Nc6 15. Ne3 Nd4 16. Nxd4 cxd4 17. Nf5 Qd7 18. Nxd6+ cxd6 19. c3 dxc3 20. Rc1 Kb8 21. Rxc3 d5 22. Rhc1 Rc8 23. Rxc8+ Rxc8 24. Rxc8+ Qxc8 25. Qc2 Qd7 26. Ba3 f5 27. Qc5 dxe4 28. Qxe5+ Ka8 29. dxe4 Qd1+ 30. Bc1 Qd3+ 31. Kb2 Qe2+ 32. Ka3 Bc8 33. Bf4 Ka7 34. Qb8+ Kb6 35. Qxc8 Qxe4 36. Be3+ 1-0

[Event "December 19 Late 2023"]
[Site "https://www.chess.com"]
[Date "2023.12.19"]
[Round "8"]
[White "Przybylski, Wojciech"]
[Black "Smith, Garrett L"]
[Result "0-1"]
[Board "83"]
[TimeControl "180+1"]
[WhiteFideId "1117599"]
[BlackFideId "2024829"]
[WhiteElo "2203"]
[BlackElo "2372"]
[WhiteTeam "POL"]
[BlackTeam "USA"]
[WhiteClock "0:00:03"]
[BlackClock "0:00:47"]

1. e4 c5 2. Nf3 Nc6 3. d4 cxd4 4. Nxd4 e5 5. Nb5 d6 6. c4 Be7 7. Be2 Nf6 8. N5c3 h6 9. O-O Be6 10. b3 Rc8 11. Bb2 Nd4 12. Nd2 a6 13. Nf3 Nxe2+ 14. Qxe2 Qc7 15. Ne1 Qc6 16. Nc2 O-O 17. Rae1 b5 18. cxb5 axb5 19. Nb4 Qb7 20. Qd3 Rc5 21. Rc1 Rfc8 22. h3 Bc4 23. bxc4 bxc4 24. Qe2 Qxb4 25. Rb1 Qa5 26. f4 exf4 27. Rxf4 Rb8 28. Rbf1 Rc7 29. Ba1 Rcb7 30. Qxc4 Qg5 31. Rf5 Qg3 32. R5f3 Qg5 33. Kh2 Bf8 34. Rg3 Qh4 35. Ne2 d5 36. Qa6 Nxe4 37. Rg4 Qd8 38. Qxh6 Qd6+ 39. Qxd6 Bxd6+ 40. Nf4 g5 41. h4 f5 42. Rxg5+ Nxg5 43. hxg5 Rb1 44. Rxb1 Bxf4+ 45. g3 Rxb1 46. Bc3 Bd6 47. a4 Rc1 48. Bd2 Rc2 49. Kh3 Rxd2 50. a5 Rd3 51. g6 Rxg3+ 52. Kh4 Ra3 53. a6 Rxa6 54. Kg5 Kg7 55. Kxf5 d4 56. Ke4 Be7 0-1

[Event "December 19 Late 2023"]
[Site "https://www.chess.com"]
[Date "2023.12.19"]
[Round "8"]
[White "Bold, Andre"]
[Black "Malek, Omid"]
[Result "1/2-1/2"]
[Board "84"]
[TimeControl "180+1"]
[WhiteFideId "16208471"]
[BlackFideId "2605384"]
[WhiteElo "2110"]
[BlackElo "2013"]
[WhiteTeam "GER"]
[BlackTeam "CAN"]
[WhiteClock "0:00:21"]
[BlackClock "0:00:14"]

1. Nf3 d5 2. g3 Nf6 3. Bg2 Bf5 4. O-O e6 5. d3 h6 6. c4 c6 7. cxd5 exd5 8. Re1 Be7 9. Qa4 O-O 10. e4 Bh7 11. Nc3 Nbd7 12. e5 Ne8 13. d4 Nc7 14. Qd1 Ne6 15. Ne2 f5 16. Nf4 Nxf4 17. gxf4 Nb6 18. Bd2 Nc4 19. Bc3 g5 20. Nd2 Nxd2 21. Qxd2 g4 22. Bb4 h5 23. Bxe7 Qxe7 24. Qc3 Qe6 25. b4 h4 26. a4 Rf7 27. Rac1 Rg7 28. Qc5 g3 29. fxg3 hxg3 30. h3 Qh6 31. Rf1 Re8 32. b5 Re6 33. Qxa7 Bg6 34. bxc6 bxc6 35. Qa8+ Be8 36. a5 Kh7 37. a6 Bh5 38. a7 Bg4 39. Qd8 Rxa7 40. Qg5 Ra2 41. Qxh6+ Rxh6 42. Ra1 Rxa1 43. Rxa1 Bxh3 44. Ra7+ Kg6 45. Bxh3 Rxh3 46. Kg2 Rh2+ 47. Kxg3 Rd2 48. Ra4 Rc2 49. Kf3 Kh5 50. Ra8 Rc3+ 51. Ke2 Kg4 52. Kd2 Rb3 53. e6 Rb2+ 54. Kd3 Rb3+ 55. Kd2 Rb2+ 56. Kc3 Rb7 57. Re8 Kxf4 58. e7 Kf3 59. Rf8 Rxe7 60. Rxf5+ Ke4 61. Rf6 Rc7 62. Re6+ Kf4 63. Re8 c5 64. dxc5 Rxc5+ 65. Kd4 Ra5 66. Re7 Kf5 67. Re8 Kf6 68. Re1 Kf5 69. Re2 Kf6 70. Re1 Rb5 71. Re2 Kf5 72. Re5+ Kf6 73. Re1 Rb4+ 74. Kxd5 Rb5+ 75. Kc6 Rb2 76. Kd6 Rd2+ 77. Kc5 Kf5 78. Rf1+ Ke4 79. Rf8 Ke5 80. Re8+ Kf6 81. Rf8+ Ke7 82. Rf1 Rc2+ 83. Kd5 Rd2+ 84. Ke4 Re2+ 85. Kd4 Re6 86. Kd5 Rd6+ 87. Kc5 Re6 88. Rh1 Re5+ 89. Kd4 Re1 90. Rh7+ Kf6 91. Rh6+ Kg5 92. Ra6 Rd1+ 93. Ke3 Rb1 94. Kf3 Kf5 95. Ra5+ Ke6 96. Ke4 Kd6 97. Kd4 Kc6 98. Rh5 Rb4+ 99. Kc3 Rb5 100. Rh6+ Kc5 101. Rh8 Kd6 102. Kc4 Rc5+ 103. Kb4 Rg5 104. Rh6+ Kd5 105. Ra6 Ke4 106. Kc3 Rc5+ 107. Kb4 Rc8 108. Rh6 Kd5 109. Rh5+ Ke4 110. Rh4+ Kf3 111. Kb5 Kg3 112. Rh7 Rb8+ 113. Kc6 Rg8 114. Kd5 Kf2 115. Ke4 Re8+ 116. Kf4 Rf8+ 117. Ke5 Re8+ 118. Kf6 Rf8+ 119. Ke7 Ra8 120. Rh2+ Kg3 121. Rb2 Ra7+ 122. Ke6 Ra5 123. Kf6 Kf4 124. Rb4+ 1/2-1/2

[Event "December 19 Late 2023"]
[Site "https://www.chess.com"]
[Date "2023.12.19"]
[Round "8"]
[White "Su, Dion"]
[Black "Ferreira, Vitor Hugo Vieira"]
[Result "0-1"]
[Board "85"]
[TimeControl "180+1"]
[WhiteFideId "2029731"]
[BlackFideId "2119765"]
[WhiteElo "2370"]
[BlackElo "2123"]
[WhiteTeam "USA"]
[BlackTeam "BRA"]
[WhiteClock "0:00:16"]
[BlackClock "0:00:08"]

1. e4 c5 2. Nf3 d6 3. d4 cxd4 4. Nxd4 Nf6 5. Nc3 a6 6. Be3 e5 7. Nb3 Be6 8. f3 h5 9. Qd2 Nbd7 10. O-O-O Qc7 11. Kb1 b5 12. Nd5 Bxd5 13. exd5 g6 14. Na5 Bg7 15. c4 bxc4 16. Bxc4 O-O 17. Nc6 Nb8 18. Rc1 Nxc6 19. dxc6 d5 20. Bb3 a5 21. Ba4 Rfb8 22. Bc5 d4 23. g4 hxg4 24. fxg4 Ne4 25. Qc2 Nc3+ 26. Ka1 Nxa4 27. Qxa4 d3 28. Rhd1 e4 29. Ba3 Qxh2 30. Rb1 Qc2 31. Qxe4 Rd8 32. c7 Qxc7 33. Rxd3 Re8 34. Qf3 Rad8 35. Rbd1 Rxd3 36. Qxd3 Qf4 37. Qd7 Re2 38. Qd8+ Kh7 39. Qxa5 Rh2 40. Qd5 Qxg4 41. Rh1 Qh3 42. Rd1 Qxa3 0-1

[Event "December 19 Late 2023"]
[Site "https://www.chess.com"]
[Date "2023.12.19"]
[Round "8"]
[White "Korol, Dimitry"]
[Black "Stojanovski, Sandi"]
[Result "0-1"]
[Board "86"]
[TimeControl "180+1"]
[WhiteFideId "14108003"]
[BlackFideId "1403249"]
[WhiteElo "2262"]
[BlackElo "2511"]
[WhiteTeam "UKR"]
[BlackTeam "DEN"]
[WhiteClock "0:00:06"]
[BlackClock "0:00:12"]

1. d4 Nf6 2. c4 e6 3. Nc3 Bb4 4. Qc2 c5 5. dxc5 Na6 6. Nf3 Nxc5 7. Bd2 O-O 8. e3 b6 9. Be2 Bb7 10. O-O Rc8 11. Rfd1 Qe7 12. Rac1 Rfd8 13. h3 h6 14. Nb5 Bxd2 15. Qxd2 Nce4 16. Qd4 a6 17. Nd6 Qxd6 18. Qxd6 Nxd6 19. Rxd6 b5 20. Rb6 Bxf3 21. gxf3 Rc6 22. Rxc6 dxc6 23. cxb5 cxb5 24. Rc6 Rd2 25. Kf1 Rxb2 26. Rxa6 b4 27. Bd3 g6 28. f4 Nd5 29. Bc4 Nc3 30. Bb3 Ne4 31. Rb6 Rxf2+ 32. Kg1 Rf3 33. Rxb4 Rxe3 34. a4 Nd2 35. Bc2 Ra3 36. Rd4 Nf3+ 37. Kf2 Nxd4 0-1

[Event "December 19 Late 2023"]
[Site "https://www.chess.com"]
[Date "2023.12.19"]
[Round "8"]
[White "Cervantes Landeiro, Thalia"]
[Black "Pace, Christopher"]
[Result "1-0"]
[Board "87"]
[TimeControl "180+1"]
[WhiteFideId "3520498"]
[BlackFideId "2610167"]
[WhiteElo "2189"]
[BlackElo "2364"]
[WhiteTeam "USA"]
[BlackTeam "CAN"]
[WhiteClock "0:02:25"]
[BlackClock "0:00:33"]

1. d4 Nf6 2. c4 g6 3. Nc3 Bg7 4. e4 O-O 5. f4 c5 6. d5 d6 7. Nf3 e6 8. dxe6 fxe6 9. Bd3 Nc6 10. O-O a6 11. Bd2 Nh5 12. Ng5 Qe7 13. e5 dxe5 14. Nxh7 Nxf4 15. Nxf8 Bxf8 16. Bxf4 exf4 17. Rxf4 e5 18. Rf1 Be6 19. Nd5 1-0

[Event "December 19 Late 2023"]
[Site "https://www.chess.com"]
[Date "2023.12.19"]
[Round "8"]
[White "Chess_Star1234"]
[Black "Rangel, Daniel"]
[Result "0-1"]
[Board "88"]
[TimeControl "180+1"]
[BlackFideId "2124475"]
[WhiteElo "2356"]
[BlackElo "2267"]
[BlackTeam "BRA"]
[WhiteClock "0:00:25"]
[BlackClock "0:01:16"]

1. d4 Nf6 2. c4 e6 3. Nc3 d5 4. cxd5 exd5 5. Bg5 Be6 6. e3 c6 7. Bd3 Nbd7 8. Nf3 Bd6 9. O-O Rc8 10. Rb1 O-O 11. b4 b5 12. a4 a6 13. a5 Qe7 14. Na2 h6 15. Bh4 g5 16. Bg3 Ne4 17. Bxd6 Nxd6 18. Nd2 f5 19. Qh5 Kg7 20. Rbc1 Nc4 21. Nb3 Bf7 22. Qf3 Bg6 23. Rfe1 Nf6 24. Nc5 Ne4 25. Nxa6 f4 26. Qd1 fxe3 27. f3 Nf2 28. Bxc4 Nxd1 29. Rcxd1 bxc4 30. Nc5 Rb8 31. a6 Bc2 32. Rc1 Bb3 33. Re2 Bxa2 34. Rxa2 Rxb4 35. a7 Ra8 36. Re1 Rxa7 37. Rxa7 Qxa7 38. Rxe3 Rb1+ 39. Kf2 Rb2+ 40. Kg3 Qb8+ 41. Kh3 Qc8+ 42. Kg3 h5 43. Ne6+ Kf6 44. Nc5 h4# 0-1

[Event "December 19 Late 2023"]
[Site "https://www.chess.com"]
[Date "2023.12.19"]
[Round "8"]
[White "Crispin Ferreras, Darvi Abraham"]
[Black "Reprintsev, Alexander"]
[Result "1-0"]
[Board "89"]
[TimeControl "180+1"]
[WhiteFideId "6402771"]
[BlackFideId "14100541"]
[WhiteElo "2149"]
[BlackElo "2229"]
[WhiteTeam "DOM"]
[BlackTeam "UKR"]
[WhiteClock "0:00:50"]
[BlackClock "0:00:00"]

1. e4 d5 2. exd5 Qxd5 3. Nc3 Qa5 4. Nf3 Nc6 5. Bc4 Bg4 6. h3 Qh5 7. Be2 O-O-O 8. d3 e5 9. Be3 Bb4 10. O-O Bxf3 11. Bxf3 Qg6 12. Nd5 Bd6 13. c3 Nf6 14. Nxf6 gxf6 15. d4 e4 16. Bh5 Qg7 17. Qg4+ Qxg4 18. Bxg4+ Kb8 19. b4 Ne7 20. a4 f5 21. Bh5 f4 22. Bd2 f5 23. c4 c6 24. Bc3 Rhg8 25. Kh1 Rg5 26. Be2 Rdg8 27. Rg1 Ng6 28. b5 c5 29. a5 Nh4 30. dxc5 Bxc5 31. Be5+ Ka8 32. Bxf4 Rxg2 33. Rxg2 Rxg2 34. Bg3 Rxf2 35. Bxf2 Bxf2 36. Rd1 Kb8 37. Rd7 h6 38. a6 bxa6 39. bxa6 Be3 40. Re7 Ng6 41. Rg7 Ne5 42. Re7 Bd4 43. c5 Nc6 44. Rf7 Bxc5 45. Rxf5 Bb6 46. Rf7 Ne5 47. Re7 Nd3 48. Kg2 Nf4+ 49. Kf1 e3 50. Bf3 Nxh3 51. Rb7+ Kc8 52. Bg4+ 1-0

[Event "December 19 Late 2023"]
[Site "https://www.chess.com"]
[Date "2023.12.19"]
[Round "8"]
[White "Fernandez Bustamante, Leancy B."]
[Black "Novikova, Galina"]
[Result "0-1"]
[Board "90"]
[TimeControl "180+1"]
[WhiteFideId "3523870"]
[BlackFideId "4157095"]
[WhiteElo "2049"]
[BlackElo "1972"]
[WhiteTeam "CUB"]
[BlackTeam "RUS"]
[WhiteClock "0:00:11"]
[BlackClock "0:00:18"]

1. e4 e6 2. d4 d5 3. exd5 exd5 4. Bd3 Nf6 5. Ne2 Bg4 6. h3 Bh5 7. O-O Be7 8. Bf4 c6 9. c4 O-O 10. Nbc3 dxc4 11. Bxc4 Nbd7 12. Qd2 Nb6 13. Bd3 Nbd5 14. Nxd5 Nxd5 15. Bg3 Bg6 16. Rfe1 Bg5 17. Qd1 Bf6 18. Rc1 Qb6 19. Bxg6 hxg6 20. Be5 Rfe8 21. Nc3 Rad8 22. Na4 Qa5 23. Rc5 Qa6 24. b3 b5 25. Nc3 Nxc3 26. Rxc3 Bxe5 27. Rce3 Rxd4 28. Qa1 f6 29. f4 Rxf4 30. Qc1 Qb6 31. Kh1 Qd8 32. Re4 Rxe4 33. Rxe4 Qd5 34. Qe1 Rd8 35. Re3 Qd1 36. Qxd1 Rxd1+ 0-1

[Event "December 19 Late 2023"]
[Site "https://www.chess.com"]
[Date "2023.12.19"]
[Round "8"]
[White "Kepeshchuk, Mykhaylo"]
[Black "Ardila, Oscar Humberto"]
[Result "0-1"]
[Board "91"]
[TimeControl "180+1"]
[WhiteFideId "14113139"]
[BlackFideId "4404742"]
[WhiteElo "2279"]
[BlackElo "1915"]
[WhiteTeam "UKR"]
[BlackTeam "COL"]
[WhiteClock "0:00:00"]
[BlackClock "0:00:45"]

1. d4 Nf6 2. c4 e6 3. g3 Bb4+ 4. Nd2 O-O 5. Nf3 d5 6. Bg2 c6 7. O-O Ne4 8. Nxe4 dxe4 9. Ne1 f5 10. Nc2 Bd6 11. f3 exf3 12. Rxf3 Nd7 13. e4 fxe4 14. Rxf8+ Qxf8 15. Bxe4 Nf6 16. Bg2 e5 17. dxe5 Bxe5 18. Ne3 Be6 19. Qc2 Qc5 20. Kh1 Bd4 21. b4 Qe5 22. Rb1 Bxe3 23. Qe2 Bd4 24. Qxe5 Bxe5 25. b5 Bxc4 26. bxc6 bxc6 27. Bxc6 Rd8 28. Be3 Ng4 29. Bxa7 Bd5+ 30. Bxd5+ Rxd5 31. Rb4 Rd1+ 32. Kg2 h5 33. h3 Rd2+ 34. Kf3 Nf6 35. g4 hxg4+ 36. hxg4 Rd3+ 37. Ke2 Rg3 38. Bf2 Rg2 39. Kf3 Rh2 40. a4 Rh3+ 41. Kg2 Ra3 42. g5 Nh5 43. Be1 Nf4+ 44. Kf1 Nd3 45. Re4 Nxe1 46. Rxe5 Nf3 47. Ra5 Kf7 0-1

[Event "December 19 Late 2023"]
[Site "https://www.chess.com"]
[Date "2023.12.19"]
[Round "8"]
[White "Bellissimo, Joseph F."]
[Black "Hoffmann, Asa"]
[Result "0-1"]
[Board "92"]
[TimeControl "180+1"]
[WhiteFideId "2609843"]
[BlackFideId "2001470"]
[WhiteElo "2103"]
[BlackElo "2117"]
[WhiteTeam "CAN"]
[BlackTeam "USA"]
[WhiteClock "0:00:03"]
[BlackClock "0:00:49"]

1. g3 d6 2. Bg2 c6 3. c4 e5 4. Nc3 Be6 5. d3 Qd7 6. Nf3 Bh3 7. O-O h5 8. Ng5 Bxg2 9. Kxg2 h4 10. Qb3 Be7 11. Nf3 Na6 12. Ne4 hxg3 13. fxg3 Qh3+ 14. Kg1 O-O-O 15. Be3 Nh6 16. Nf2 Qh5 17. Bxa7 g5 18. h3 g4 19. Nd2 gxh3 20. d4 Rdg8 21. dxe5 Qxe5 22. Nh1 h2+ 23. Kg2 Ng4 24. Qf3 c5 25. Qf5+ Qxf5 26. Rxf5 Ne3+ 27. Kf3 Nxf5 28. e3 Kc7 29. e4 Nd4+ 30. Kg2 Ra8 31. Rf1 f6 32. Bxc5 Nxc5 33. b3 Rxa2 0-1

[Event "December 19 Late 2023"]
[Site "https://www.chess.com"]
[Date "2023.12.19"]
[Round "8"]
[White "Dubessay, Bastien"]
[Black "Munoz Sanchez, Miguel"]
[Result "1-0"]
[Board "93"]
[TimeControl "180+1"]
[WhiteFideId "650048"]
[BlackFideId "3600734"]
[WhiteElo "2279"]
[BlackElo "2124"]
[WhiteTeam "FRA"]
[BlackTeam "ECU"]
[WhiteClock "0:00:30"]
[BlackClock "0:00:03"]

1. d4 Nf6 2. c4 g6 3. Nc3 Bg7 4. Nf3 d6 5. Bg5 O-O 6. e3 h6 7. Bh4 c5 8. d5 g5 9. Bg3 Bf5 10. Nd2 e5 11. e4 Bg6 12. Be2 a6 13. O-O Nbd7 14. a4 Nh7 15. Bh5 Bxh5 16. Qxh5 f5 17. exf5 Rxf5 18. Nde4 Qe7 19. Qg6 Raf8 20. Qxd6 Qf7 21. Qe6 Rf6 22. Qxf7+ R6xf7 23. a5 Ndf6 24. Nxc5 Nh5 25. N5e4 Nf4 26. Bxf4 gxf4 27. f3 Ng5 28. Nxg5 hxg5 29. Ne4 Bf6 30. c5 Kg7 31. b4 Kg6 32. Rfe1 Rd7 33. Rad1 Be7 34. h3 Rfd8 35. d6 Bf6 36. Rd5 Bg7 37. Nd2 Kf5 38. Nc4 Re8 39. Re4 Bf6 40. Kf2 Rdd8 41. Ke2 Rd7 42. Nb6 Rdd8 43. Kd3 Ke6 44. Kc4 Rh8 45. d7 Rh7 46. Rd6+ Kf7 47. Kd5 Be7 48. Rxe5 Bxd6 49. Kxd6 Rhh8 50. Re7+ Kg6 51. Nd5 Kf5 52. Re5+ Kg6 53. Nc7 Kf6 54. Re8 Kf7 55. Rxd8 Rxd8 56. Ne6 1-0

[Event "December 19 Late 2023"]
[Site "https://www.chess.com"]
[Date "2023.12.19"]
[Round "8"]
[White "Ward, Ieuan C"]
[Black "Krzywda, Andrzej"]
[Result "0-1"]
[Board "94"]
[TimeControl "180+1"]
[WhiteFideId "406627"]
[BlackFideId "1114565"]
[WhiteElo "2332"]
[BlackElo "2130"]
[WhiteTeam "ENG"]
[BlackTeam "POL"]
[WhiteClock "0:01:16"]
[BlackClock "0:01:12"]

1. d4 d5 2. c4 dxc4 3. Nc3 a6 4. a4 Nc6 5. Nf3 Bg4 6. e3 Na5 7. Be2 Nf6 8. Ne5 Be6 9. O-O c6 10. f4 g6 11. Bd2 Bg7 12. Be1 O-O 13. Bh4 b5 14. axb5 axb5 15. Bf3 Nd5 16. Rxa5 Qxa5 17. Nxc6 Nxc3 18. Nxa5 Nxd1 19. Bxa8 Rxa8 20. Nc6 Nxe3 0-1